 Dungeon Crawl Stone Soup version 0.28-a0-834-g1a73be5ee4 (webtiles) character file.

Game seed: 7704674471159214960

24603 pokeman the Eclecticist (level 12, -8/66 HPs)
             Began as a Deep Elf Hedge Wizard on Nov 10, 2021.
             Was an Elder of Vehumet.
             Shot with an arrow by a centaur warrior (18 damage)
             ... on level 13 of the Dungeon on Nov 11, 2021.
             The game lasted 00:57:42 (18532 turns).

pokeman the Eclecticist (Deep Elf Hedge Wizard)    Turns: 18532, Time: 00:57:43

Health: -8/66      AC: 16    Str:  7    XL:     12   Next: 82%
Magic:  38/45      EV: 13    Int: 25    God:    Vehumet [****..]
Gold:   987        SH:  0    Dex: 14    Spells: 18/47 levels left

rFire   + . .      SeeInvis .   X - staff of fire
rCold   . . .      Faith    .   Z - +0 buckler {AC+3}
rNeg    . . .      Spirit   .   V - +0 steam dragon scales
rPois   .          Reflect  .   j - +0 helmet
rElec   .          Harm     .   (no cloak)
rCorr   .          Rampage  .   k - +0 pair of gloves
Will    +....                   P - +0 pair of boots
Stlth   +.........              L - amulet of magic regeneration
HPRegen 0.21/turn               e - +4 ring of protection
MPRegen 0.54/turn               S - ring of magical power

@: confused
A: no striking features
a: Renounce Religion


You were on level 13 of the Dungeon.
You worshipped Vehumet.
Vehumet was greatly pleased with you.
You visited 2 branches of the dungeon, and saw 14 of its levels.
You also visited: Sewer and Ossuary.

You collected 1032 gold pieces.
You spent 45 gold pieces at shops.

Inventory:

Hand Weapons
 E - a +5 spear of venom
 F - a +3 shortbow of freezing
Missiles
 h - 71 bolts
 G - 330 arrows
 R - 5 curare-tipped darts
Armour
 j - a +0 helmet (worn)
 k - a +0 pair of gloves (worn)
 P - a +0 pair of boots (worn)
 V - +0 steam dragon scales (worn)
 Z - a +0 buckler of protection (worn)
Magical Staves
 X - a staff of fire (weapon)
Jewellery
 e - a +4 ring of protection (left hand)
 L - an amulet of magic regeneration (around neck)
 S - a ring of magical power (right hand)
Wands
 p - a wand of acid (17)
 y - a wand of iceblast (23)
 W - a wand of digging (6)
Scrolls
 c - 8 scrolls of teleportation
 f - 4 scrolls of blinking
 x - 3 scrolls of magic mapping
 N - 2 scrolls of vulnerability {unknown}
 T - a scroll of fear {unknown}
Potions
 g - 2 potions of magic
 l - 9 potions of heal wounds
 t - 6 potions of curing
 z - 3 potions of cancellation {unknown}
 A - a potion of invisibility {unknown}
 B - 2 potions of experience {unknown}
 C - a potion of attraction {unknown}
 D - 4 potions of flight {unknown}
 I - 2 potions of mutation {unknown}
 J - 4 potions of lignification {unknown}
 O - a potion of brilliance {unknown}
Miscellaneous
 Q - a lightning rod (4/4)


   Skills:
 + Level 4.3 Fighting
 - Level 5.0 Armour
 - Level 3.0 Dodging
 - Level 3.0 Stealth
 - Level 4.0 Shields
 * Level 18.0 Spellcasting
 + Level 10.8 Conjurations
 - Level 1.1 Summonings
 - Level 1.1 Translocations
 - Level 1.3 Transmutations
 + Level 10.2 Fire Magic
 - Level 1.2 Air Magic
 - Level 2.0 Poison Magic
 - Level 1.0 Evocations


You had 18 spell levels left.
You knew the following spells:

 Your Spells              Type           Power      Damage    Failure   Level
a - Magic Dart            Conj           100%       1d8       1%          1
b - Mephitic Cloud        Conj/Pois/Air  46%        N/A       1%          3
c - Call Imp              Summ           28%        N/A       1%          2
d - Blink                 Tloc           56%        N/A       1%          2
e - Conjure Flame         Conj/Fire      85%        6-21      1%          3
f - Shock                 Conj/Air       100%       1d9       1%          1
g - Fireball              Conj/Fire      42%        3d17      1%          5
h - Flame Wave            Conj/Fire      85%        3d14      1%          4
i - Lightning Bolt        Conj/Air       25%        1d41      1%          5
j - Apportation           Tloc           56%        N/A       1%          1
k - Wereblood             Tmut           29%        N/A       1%          2

Your spell library contained the following spells:

 Spells                   Type           Power      Damage    Failure   Level
 Beastly Appendage        Tmut           58%        N/A       1%          1
 Static Discharge         Conj/Air       51%        N/A       1%          2
 Dazzling Flash           Conj/Hex       98%        N/A       1%          3
 Hailstorm                Conj/Ice       49%        3d11      1%          4
 Animate Skeleton         Necr           44%        N/A       2%          1
 Pain                     Necr           88%        1d8       2%          1
 Slow                     Hex            88%        N/A       2%          1
 Sublimation of Blood     Necr           22%        N/A       3%          2
 Spider Form              Tmut/Pois      31%        N/A       3%          3
 Airstrike                Air            14%        N/A       3%          4
 Confusing Touch          Hex            22%        N/A       6%          3
 Vampiric Draining        Necr           22%        2d7       6%          3
 Summon Lightning Spire   Summ/Air       28%        N/A       13%         4
 Ice Form                 Ice/Tmut       25%        N/A       16%         4
 Summon Ice Beast         Ice/Summ       25%        N/A       17%         4
 Alistair's Intoxication  Tmut/Pois      20%        N/A       30%         5
 Silence                  Hex/Air        12%        N/A       43%         5
 Summon Mana Viper        Hex/Summ       25%        N/A       43%         5
 Agony                    Necr           22%        N/A       52%         5
 Simulacrum               Ice/Necr       11%        N/A       97%         6
 Monstrous Menagerie      Summ           14%        N/A       100%        7
 Summon Hydra             Summ           14%        N/A       100%        7
 Maxwell's Capacitive Co  Air            14%        ∞         100%        8


Dungeon Overview and Level Annotations

Branches:
Dungeon (13/15)            Temple (1/1) D:7            Lair (0/6) D:8
    Orc (0/2) D:9           Sewer (visited)         Ossuary (visited)
 Vaults: D:13-14

Altars:
Ashenzari
Cheibriados
Dithmenos
Elyvilon
Gozag
Hepliaklqana
Kikubaaqudgha
Makhleb
Nemelex Xobeh
Okawaru
Qazlal
Ru
Sif Muna
Trog
Uskayaw
Vehumet
Wu Jian
Xom
Yredelemnul
Zin
The Shining One

Shops:
D:6 ?   D:11 =

Annotations:
D:4 3 runed translucent doors, Daunt's ghost, amateur HuAM
D:13 Rupert


Message History

The fire ignites!
Casting: Conjure Flame (safe; 1% risk of failure)
Confirm with . or Enter, or press ? or * to list all spells.
You feel a surge of power!
The fire begins to smoulder!
Rupert is engulfed in blazing flames.
The fire ignites!
Unknown command.
A centaur warrior comes into view.
Rupert is engulfed in blazing flames.
Rupert roars wildly at you.
You struggle to resist.
Unknown command.
A manticore comes into view.
Rupert is engulfed in blazing flames.
Rupert yells loudly at you.
You suddenly lose the ability to move!
The centaur warrior shouts!
The centaur warrior wields a +0 longbow.
The centaur warrior shoots an arrow.
The arrow hits you.
Rupert is engulfed in blazing flames.
The centaur warrior shoots an arrow.
The arrow hits you!!
The manticore flicks its tail.
The volley of spikes hits you but does no damage.
Rupert is engulfed in blazing flames.
The centaur warrior shoots an arrow.
The arrow hits you but does no damage.
The centaur warrior shoots an arrow.
The arrow hits you.
The manticore flicks its tail.
The volley of spikes hits you but does no damage.
Rupert is engulfed in blazing flames.
Rupert screams, "You killed all those lovely monsters, you murderer!"
The centaur warrior shoots an arrow.
The arrow hits you!
Rupert is engulfed in blazing flames.
The centaur warrior shoots an arrow.
The arrow hits you!
* * * LOW HITPOINT WARNING * * *
Rupert is engulfed in blazing flames.
Rupert roars wildly at you.
You are confused.
You can move again.
There is a stone staircase leading up, spattered with blood here.
The centaur warrior shoots an arrow.
The arrow hits you!!
You die...

#........
#........
####...c....
...........
.....H.....# ..
...........##..
#.............
#@............
#...........
#.........#
#@........#
...####.#
#§........##......
........#
#§........##......
........#
#§........##......
........#
#§######..##......
#.......######.#
#..##......


You could see Rupert, a centaur warrior and a manticore.

Vanquished Creatures
  A deep elf annihilator (D:12)
  A great orb of eyes (D:12)
  A hydra (D:13)
  2 boulder beetles
  An ogre mage (D:12)
  3 centaur warriors (D:12)
  A tengu warrior (D:12)
  3 death yaks (D:8)
  3 two-headed ogres
  A deep elf pyromancer (D:12)
  2 ugly things
  A manticore (D:12)
  A wolf spider (D:12)
  3 cyclopes
  A gargoyle (D:12)
  An unseen horror (D:11)
  2 trolls
  5 slime creatures (D:12)
  20 yaks
  2 shadows
  A wyvern (D:10)
  2 vampires
  A steam dragon (D:9)
  2 vampire mosquitoes (D:11)
  Menkaure (D:6)
  An acid dragon (D:12)
  A water moccasin (D:9)
  4 orc warriors
  Duvessa (D:4)
  An ice beast (D:6)
  A black bear (D:8)
  11 centaurs
  3 ogres
  2 phantoms (D:9)
  2 kobold brigands
  A wyvern zombie (D:6)
  2 bullfrogs (Sewer)
  A gnoll sergeant (D:9)
  A scorpion (D:4)
  Dowan (D:4)
  3 killer bees (D:9)
  A water moccasin skeleton (D:4)
  A troll zombie (D:9)
  8 wights
  A bullfrog zombie (D:6)
  2 lava snakes (D:9)
  4 centaur zombies
  2 orc priests (D:9)
  3 gnoll shamans
  2 human zombies (Ossuary)
  A centaur skeleton (D:7)
  4 jellies
  8 orc wizards
  Terence (D:3)
  3 hell rats (D:8)
  5 ogre zombies (D:9)
  2 hound skeletons (D:4)
  4 mummies (Ossuary)
  A howler monkey zombie (D:7)
  13 adders
  20 gnolls
  4 river rats (Sewer)
  A white imp (D:7)
  2 ufetubi
  An adder skeleton (D:4)
  2 worms
  5 dart slugs
  24 orcs
  15 ball pythons
  11 bats
  5 endoplasms
  4 giant cockroaches
  10 goblins
  13 hobgoblins
  2 jackals (D:1)
  3 quokkas
  6 frilled lizards
  3 goblin skeletons (D:9)
  2 goblin zombies
  5 hobgoblin zombies
  17 kobolds
  A kobold zombie (Ossuary)
  4 orc skeletons (D:9)
  8 orc zombies
  34 rats
366 creatures vanquished.

Vanquished Creatures (collateral kills)
  An orc wizard (D:8)
  Robin (D:3)
  A gnoll (D:7)
  A river rat (D:4)
  A goblin zombie (D:9)
  An orc zombie (D:9)
6 creatures vanquished.

Grand Total: 372 creatures vanquished

Notes
Turn   | Place    | Note
-------+----------+-------------------------------------------
     0 | D:1      | pokeman the Deep Elf Hedge Wizard began the quest for the
                  | Orb.
     0 | D:1      | Reached XP level 1. HP: 10/10 MP: 7/7
   140 | D:1      | Reached XP level 2. HP: 16/16 MP: 1/9
   719 | D:1      | Reached skill level 5 in Spellcasting
  1303 | D:2      | Reached XP level 3. HP: 20/20 MP: 8/11
  1307 | D:2      | Learned a level 3 spell: Mephitic Cloud
  1310 | D:2      | Learned a level 2 spell: Call Imp
  1313 | D:2      | Learned a level 2 spell: Blink
  1317 | D:2      | Learned a level 3 spell: Conjure Flame
  1374 | D:2      | Reached skill level 1 in Fighting
  1375 | D:2      | HP: 1/30 [poisoned by an adder]
  1745 | D:2      | Reached skill level 1 in Armour
  2266 | D:2      | Reached XP level 4. HP: 25/25 MP: 11/13
  2902 | D:3      | Found a sacrificial altar of Ru.
  2976 | D:3      | Reached skill level 1 in Fire Magic
  3149 | D:3      | Reached skill level 6 in Spellcasting
  3149 | D:3      | Reached XP level 5. HP: 29/29 MP: 5/15
  3327 | D:3      | Noticed Terence
  3349 | D:3      | Killed Terence
  3440 | D:3      | Noticed an ogre
  3451 | D:3      | Killed an ogre
  3452 | D:3      | Reached skill level 1 in Air Magic
  3746 | D:4      | Found a sparkling altar of Nemelex Xobeh.
  3773 | D:4      | Found a shadowy altar of Dithmenos.
  3826 | D:4      | Reached XP level 6. HP: 34/34 MP: 12/17
  3871 | D:4      | Found a runed translucent gate.
  3872 | D:4      | Found a runed translucent gate.
  3872 | D:4      | Noticed Daunt's ghost (amateur HuAM)
  3873 | D:4      | Found a runed translucent gate.
  3887 | D:4      | Noticed Duvessa
  3891 | D:4      | Noticed Dowan
  3903 | D:4      | Found a glowing drain.
  3913 | Sewer    | Entered a sewer
  4273 | Sewer    | Reached skill level 1 in Evocations
  4452 | Sewer    | Reached skill level 1 in Poison Magic
  4456 | Sewer    | Reached skill level 7 in Spellcasting
  4640 | Sewer    | Reached XP level 7. HP: 18/38 MP: 3/20
  5225 | D:3      | Noticed Robin
  5260 | D:3      | Killed Robin
  5869 | D:4      | Killed Duvessa
  5870 | D:4      | Reached skill level 8 in Spellcasting
  5872 | D:4      | Killed Dowan
  6681 | D:5      | Entered Level 5 of the Dungeon
  6773 | D:5      | Reached XP level 8. HP: 24/44 MP: 10/22
  7001 | D:5      | Found a bloodstained altar of Trog.
  7273 | D:5      | Found a sand-covered staircase.
  7278 | Ossuary  | Entered an ossuary
  7478 | Ossuary  | Reached skill level 9 in Spellcasting
  8187 | D:6      | Found Kon Zar's Magic Scroll Boutique.
  8421 | D:6      | Reached skill level 5 in Conjurations
  8462 | D:6      | Noticed Menkaure
  8473 | D:6      | Killed Menkaure
  8474 | D:6      | Reached skill level 1 in Shields
  8502 | D:6      | Reached skill level 10 in Spellcasting
  8837 | D:6      | Found a broken altar of Ashenzari.
  9162 | D:6      | Bought a scroll of identify for 30 gold pieces
  9162 | D:6      | Bought a scroll of noise for 15 gold pieces
  9579 | D:7      | Reached XP level 9. HP: 48/48 MP: 20/25
  9683 | D:7      | Reached skill level 11 in Spellcasting
  9906 | D:7      | Found an opulent altar of Gozag.
  9911 | D:7      | Found a burning altar of Makhleb.
 10181 | D:7      | Found a staircase to the Ecumenical Temple.
 10189 | D:7      | Identified the +8 whip "Ufuneq" {antimagic, rC+ Str+4}
 10193 | Temple   | Entered the Ecumenical Temple
 10297 | Temple   | Became a worshipper of Vehumet
 10376 | D:7      | Reached skill level 5 in Fire Magic
 10788 | D:7      | Found an ancient bone altar of Kikubaaqudgha.
 10857 | D:7      | Learned a level 5 spell: Lightning Bolt
 11212 | D:8      | Noticed a death yak
 11212 | D:8      | Noticed a death yak
 11220 | D:8      | Noticed a death yak
 11244 | D:8      | Killed a death yak
 11245 | D:8      | Reached skill level 12 in Spellcasting
 11250 | D:8      | Killed a death yak
 11251 | D:8      | Reached XP level 10. HP: 11/53 MP: 11/28
 11269 | D:8      | Killed a death yak
 11270 | D:8      | Reached skill level 13 in Spellcasting
 11525 | D:8      | Found a staircase to the Lair.
 11683 | D:8      | Noticed a boulder beetle
 11735 | D:8      | Killed a boulder beetle
 11735 | D:8      | Reached * piety under Vehumet
 11735 | D:8      | Offered knowledge of Shock by Vehumet.
 11738 | D:8      | Learned a level 1 spell: Shock
 11740 | D:8      | Learned a level 1 spell: Apportation
 11743 | D:8      | Learned a level 2 spell: Wereblood
 12047 | D:8      | Found a glowing golden altar of the Shining One.
 12047 | D:8      | Found a shimmering blue altar of Sif Muna.
 12053 | D:8      | Found a stormy altar of Qazlal.
 12064 | D:8      | Found an ornate altar of the Wu Jian Council.
 12091 | D:8      | Found an iron altar of Okawaru.
 12304 | D:9      | Noticed a purple ugly thing
 12313 | D:9      | Killed a purple ugly thing
 12314 | D:9      | Reached skill level 1 in Transmutations
 12513 | D:9      | Reached skill level 14 in Spellcasting
 12587 | D:9      | Noticed a two-headed ogre
 12598 | D:9      | Killed a two-headed ogre
 12598 | D:9      | Reached ** piety under Vehumet
 12699 | D:9      | Offered knowledge of Sandblast by Vehumet.
 12977 | D:9      | Found a staircase to the Orcish Mines.
 13079 | D:9      | Offered knowledge of Ignite Poison by Vehumet.
 13080 | D:9      | Reached XP level 11. HP: 50/60 MP: 24/31
 13355 | D:9      | Reached *** piety under Vehumet
 13698 | D:10     | Entered Level 10 of the Dungeon
 14288 | D:10     | Reached skill level 15 in Spellcasting
 14810 | D:11     | Offered knowledge of Flame Wave by Vehumet.
 14816 | D:11     | Learned a level 4 spell: Flame Wave
 15112 | D:11     | Found Oqehoih's Jewellery Shoppe.
 15881 | D:12     | Noticed a centaur warrior
 16017 | D:12     | Killed a centaur warrior
 16017 | D:12     | Reached **** piety under Vehumet
 16018 | D:12     | Reached skill level 16 in Spellcasting
 16080 | D:12     | Noticed a great orb of eyes
 16090 | D:12     | Killed a great orb of eyes
 16090 | D:12     | Noticed a deep elf annihilator
 16100 | D:12     | Killed a deep elf annihilator
 16325 | D:12     | Reached XP level 12. HP: 66/66 MP: 31/34
 16354 | D:12     | Offered knowledge of Fireball by Vehumet.
 16374 | D:12     | Learned a level 5 spell: Fireball
 16394 | D:12     | Noticed a two-headed ogre
 16399 | D:12     | Killed a two-headed ogre
 16478 | D:12     | Reached skill level 10 in Conjurations
 16479 | D:11     | HP: 2/66 [poisoned by a wolf spider]
 16713 | D:12     | Noticed an ogre mage
 16717 | D:12     | Killed an ogre mage
 16725 | D:12     | Noticed a centaur warrior
 16727 | D:12     | Reached skill level 17 in Spellcasting
 16728 | D:12     | Killed a centaur warrior
 17151 | D:12     | Noticed a centaur warrior
 17155 | D:12     | Killed a centaur warrior
 17167 | D:12     | Noticed a tengu warrior
 17171 | D:12     | Killed a tengu warrior
 17505 | D:12     | Upgraded the game from 0.28-a0-828-g0121872642 to
                  | 0.28-a0-834-g1a73be5ee4
 17596 | D:12     | Noticed a two-headed ogre
 17603 | D:12     | Killed a two-headed ogre
 17604 | D:12     | Reached skill level 5 in Armour
 17608 | D:12     | Reached skill level 10 in Fire Magic
 18098 | D:11     | Noticed a boulder beetle
 18104 | D:11     | Killed a boulder beetle
 18105 | D:11     | Reached skill level 18 in Spellcasting
 18417 | D:13     | Noticed a four-headed hydra
 18421 | D:13     | Killed a four-headed hydra
 18504 | D:13     | Noticed Rupert
 18525 | D:13     | Noticed a centaur warrior
 18526 | D:13     | Paralysed by Rupert for 6 turns
 18532 | D:13     | Shot with an arrow by a centaur warrior

Illustrated notes

Levels and vault maps discovered:
D:1:      psy_arrival_dodecagon, layout_loops_cross
D:2:      layout_basic, minmay_misc_feat_doors
D:3:      layout_basic, lemuel_tele_altar, st_stairs_5, nrook_uturn,
          minivault_5, uniq_terence, uniq_robin
D:4:      layout_basic, grunt_dithmenos_smoke_and_mirrors,
          nemelex_spade_bored_becter, cheibrodos_sewer_entry_sluice,
          ebering_ghost_rock_garden, uniq_duvessa
D:5:      layout_loops_ring, trog_hazing_becter, nicolae_ossuary_entry_ruins
D:6:      layout_loops_corners, kennysheep_mini_moat,
          nicolae_inconvenience_store, grunt_decor_one_mirror, uniq_menkaure
D:7:      layout_cave_pods, minitemple, lemuel_doored_altar,
          minmay_temple_entry_slanted, eino_small_chamber_without_monster
D:8:      layout_basic, chequers_temple_overflow_minitemple, dpeg_lair_monsters
D:9:      layout_irregular_city, zombieorc1_lemuel, minmay_misc_feat_chi,
          grunt_ministairs_2, kennysheep_generic_room_4
D:10:     layout_basic, roderic_batcave, hangedman_decor_peaks_small,
          chequers_garden
D:11:     layout_irregular_city, serial_shops, shop
D:12:     minmay_bad_star, layout_loops_ring
D:13:     layout_long_grid, minmay_protected_statue, uniq_rupert
Temple:   nicolae_temple_figure_zero

Skill      XL: |  1  2  3  4  5  6  7  8  9 10 11 12 |
---------------+-------------------------------------+-----
Spellcasting   | 5 6 7 8 10 12 14 16 18 | 18.0
Fighting       | 1 2 3 4 |  4.3
Conjurations   | 2 3 4 5 7 8 9 10 | 10.8
Armour         | 1 2 3 5 |  5.0
Fire Magic     | 1 2 4 6 7 8 10 | 10.2
Dodging        | 3 |  3.0
Stealth        | 3 |  3.0
Air Magic      | 1 |  1.2
Evocations     | 1 |  1.0
Poison Magic   | 1 2 |  2.0
Shields        | 2 3 4 |  4.0
Transmutations | 1 |  1.3
Summonings     | |  1.1
Translocations | |  1.1

Action                   |  1- 3 |  4- 6 |  7- 9 | 10-12 || total
-------------------------+-------+-------+-------+-------++-------
Melee: Dagger            |    26 |    24 |    41 |       ||    91
       Short sword       |       |       |    19 |    40 ||    59
       Spear             |       |       |       |    53 ||    53
       Staff             |       |       |       |     2 ||     2
 Fire: Shortbow          |       |       |    12 |       ||    12
 Cast: Magic Dart        |   103 |   147 |   330 |    24 ||   604
       Mephitic Cloud    |       |     8 |    20 |    39 ||    67
       Conjure Flame     |       |     5 |    35 |    54 ||    94
       Call Imp          |       |     5 |    11 |     6 ||    22
       Blink             |       |       |     4 |     1 ||     5
       Lightning Bolt    |       |       |     1 |    13 ||    14
       Shock             |       |       |       |   163 ||   163
       Flame Wave        |       |       |       |    25 ||    25
       Fireball          |       |       |       |    42 ||    42
  Use: Potion            |     1 |       |       |     1 ||     2
       Scroll            |       |       |       |    13 ||    13
 Stab: Confused          |       |     4 |     4 |     3 ||    11
       Sleeping          |       |     1 |       |       ||     1
Armor: Robe              |    26 |    29 |    12 |       ||    67
       Leather armour    |       |       |    25 |     6 ||    31
       Steam dragon scal |       |       |       |    50 ||    50
Dodge: Dodged            |    40 |    68 |    78 |    76 ||   262
Block: Buckler           |       |       |       |    22 ||    22

Table legend: (Time is in decaauts)
 A = Elapsed time spent in this place.
 B = Non-inter-level travel time spent in this place.
 C = Inter-level travel time spent in this place.
 D = Time resting spent in this place.
 E = Time spent auto-exploring this place.
 F = Levels seen in this place.
 G = Mean time per level.
                   A        B        C        D        E       F      G
               +--------+--------+--------+--------+--------+-----+--------+
         Total |  18631 |  17772 |    859 |   1568 |  12828 |  16 | 1164.4 |
       Dungeon |  16928 |  16084 |    844 |   1332 |  11707 |  13 | 1302.2 |
        Temple |    158 |    143 |     15 |      0 |     98 |   1 |  158.0 |
         Sewer |    959 |    959 |      0 |    203 |    613 |   1 |  959.0 |
       Ossuary |    585 |    585 |      0 |     33 |    410 |   1 |  585.0 |
               +--------+--------+--------+--------+--------+-----+--------+

Top non-repeatable levels by time:
    D:11: 2015 daAuts
     D:7: 1647 daAuts
     D:2: 1619 daAuts
     D:3: 1593 daAuts
     D:9: 1541 daAuts
    D:12: 1406 daAuts
     D:1: 1282 daAuts
     D:4: 1281 daAuts
     D:8: 1224 daAuts
    D:10: 1156 daAuts
     D:6: 1148 daAuts
   Sewer: 959 daAuts
     D:5: 894 daAuts
 Ossuary: 585 daAuts
  Temple: 158 daAuts
